Map: Para-cité EC

Players

BeZI - Winner!

  • Race: Protoss Protoss
  • League: Platinum
  • Spawn Location: 11:00

zidar

  • Race: Zerg Zerg
  • Spawn Location: 5:00

VOD

Have the link to the VOD?

Description

Time

  • Played on: Dec. 24, 2018, 9:43 a.m.
  • Length: 4:08
Show
View Real Time Build Order
Export as new Build Order

BeZI Protoss - Winner!

Build Orders:  

Get SALT Encoding   

  1  0:00  Probe  
  12  0:05  Probe  
  14  0:18  Pylon  
  14  0:23  Probe  
  15  0:38  Probe, Forge  
  16  1:04  Pylon  
  16  1:06  Pylon  
  16  1:10  Pylon  
  16  1:14  Pylon  
  16  1:23  Gateway  
  16  1:32  Photon Cannon  
  16  1:42  Gateway  
  16  1:54  Photon Cannon  
  16  2:04  Zealot  
  16  2:05  Photon Cannon  
  18  2:16  Probe  
  19  2:25  Zealot  
  19  2:27  Gateway  
  21  2:42  Zealot  
  23  2:58  Cybernetics Core  
  23  3:08  Zealot  
  23  3:11  Assimilator  
  23  3:14  Probe, Assimilator  
  26  3:40  Gateway  
Show
View Real Time Build Order
Export as new Build Order

zidar Zerg 

Build Orders: Hatch First 

Get SALT Encoding   

  12  0:01  Drone  
  13  0:12  Overlord  
  13  0:16  Drone  
  14  0:31  Drone x2  
  14  0:34  Drone  
  17  0:55  Hatchery  
  16  0:58  Drone  
  16  1:03  Extractor, Drone  
  17  1:08  Drone  
  18  2:01  Spawning Pool  
  17  2:26  Overlord  
  17  2:28  Drone  
  18  2:48  Zergling x4  
  18  2:49  Queen  
  18  2:50  Queen  
  24  3:02  Spine Crawler  
  23  3:20  Roach Warren  
Tags
 
League
Platinum
Matchup
PvZ
Spawn Locations
Cross Positions
Add a new tag
Caveats
  • Supply blocks, unpowered buildings, or Contaminate may cause inaccurate times.
  • Supply counts are checked every 10 seconds.